 Dungeon Crawl Stone Soup version 0.28.0-43-g3370ac3207 (webtiles) character file.

Game seed: 8568335122088083030

74 pkoi the Changer (level 4, -2/28 HPs)
             Began as an Octopode Transmuter on Mar 22, 2022.
             Slain by an orc
             ... wielding a +0 club
              (4 damage)
             ... on level 5 of the Dungeon.
             The game lasted 00:04:03 (3890 turns).

pkoi the Changer (Octopode Transmuter)              Turns: 3890, Time: 00:04:04

Health: -2/28      AC:  1    Str:  9    XL:     4   Next: 30%
Magic:  17/17      EV: 13    Int: 17    God:
Gold:   73         SH:  0    Dex: 12    Spells: 3/9 levels left

rFire   . . .      SeeInvis .     - Unarmed
rCold   . . .      Faith    .   (no shield)
rNeg    . . .      Spirit   .   (helmet currently unavailable)
rPois   .          Reflect  .   (no amulet)
rElec   .          Harm     .   c - ring of magical power
rCorr   .          Rampage  .   (no ring)
Will    .....                   (no ring)
Stlth   ++........              (no ring)
HPRegen 0.09/turn               (no ring)
MPRegen 0.15/turn               (no ring)
                                (no ring)
                                (no ring)

@: appendages, marked
A: tentacle spike 3, almost no armour, amphibious, 8 rings, camouflage 1,
gelatinous body 1, (nimble swimmer 1), tentacles
a: End Transformation


You were on level 5 of the Dungeon.
One of your tentacles had grown a beastly spike.
You visited 1 branch of the dungeon, and saw 5 of its levels.

You collected 73 gold pieces.

Inventory:

Missiles
 e - 10 poisoned darts
Jewellery
 c - a ring of magical power (left tentacle)
 h - an amulet of reflection
 i - a +6 ring of dexterity
Scrolls
 a - 6 scrolls of identify {unknown}
 g - a scroll of brand weapon {unknown}
Potions
 d - a potion of curing {unknown}
 f - a potion of heal wounds {unknown}
 j - a potion of brilliance {unknown}
 k - a potion of mutation {unknown}


   Skills:
 - Level 1.0 Fighting
 - Level 2.0 Dodging
 - Level 3.0 Unarmed Combat
 - Level 3.0 Spellcasting
 * Level 3.6 Transmutations
 + Level 0.0 Poison Magic


You had 3 spell levels left.
You knew the following spells:

 Your Spells              Type           Power      Damage    Failure   Level
a - Beastly Appendage     Tmut           30%        N/A       4%          1
b - Wereblood             Tmut           15%        N/A       6%          2
c - Spider Form           Tmut/Pois      8%         N/A       26%         3

Your spell library contained the following spells:

 Spells                   Type           Power      Damage    Failure   Level
 Ice Form                 Ice/Tmut       8%         N/A       63%         4


Dungeon Overview and Level Annotations

Branches:
Dungeon (6/15)
 Temple: D:4-7

Altars:


Innate Abilities, Weirdness & Mutations

One of your tentacles has grown a beastly spike.
You cannot wear most types of armour.
You are amphibious.
You can wear up to eight rings at the same time.
Your skin changes colour to match your surroundings (Stealth+).
Your rubbery body absorbs attacks. (AC +1, EV +1)
((You are camouflaged when in or above water. (Stealth+)))
You have tentacles for arms and can constrict up to eight enemies at once.


Message History

There is a stone staircase leading down here.
You climb downwards.
You hear the hiss of flowing sand.
There is an entrance to an ossuary on this level.
Hurry and find it before the portal is buried!
There is a stone staircase leading up here.
Unknown command.
The white imp gestures at you. The puff of frost hits you!
* * * LOW HITPOINT WARNING * * *
An orc comes into view. It is wielding a +0 dagger.
Casting: Beastly Appendage (safe; 4% risk of failure)
Press: ? - help, Q - select action, (/) - cycle Dir - look around, f - activate One of your tentacles grows a vicious spike.
The orc throws a boomerang.
The boomerang barely misses you.
Unknown command.
Unknown command.
You closely miss the orc. Your grab misses the orc.
You pierce the orc, but do no damage.
The orc misses you. The white imp gestures at you. The puff of frost hits you!
* * * LOW HITPOINT WARNING * * *
An orc priest comes into view. It is wielding a +0 morningstar.
The orc hits you with a +0 war axe!
* * * LOW HITPOINT WARNING * * *
The orc barely misses you.
A gnoll comes into view. It is wielding a +0 club.
A gnoll comes into view. It is wielding a +0 flail.
A gnoll comes into view. It is wielding a +2 vorpal flail.
There is a stone staircase leading up here.
Magic restored.
The orc barely misses you.
The white imp shouts, "Run away, thou gleeking flap-mouthed Cock-Lorel!"
You climb upwards.
Found 3 poisoned darts.
Found an escape hatch in the ceiling.
There is a stone staircase leading down here.
As you read the scroll labelled NAUTUFRIKECU, it crumbles to dust.
It is a scroll of enchant weapon.
You aren't carrying any weapons that can be enchanted.
The iguana hisses angrily.
The orc hits you with a +0 club.
You die...

#.... ..###..
....##.......
#............
#..........<.
.##............
.o.............
#....o.l..#
#.o...@..#
#........#
#.........#
##.n.....##
#.........
..........##
(.####...## ##
#####


You could see a necrophage, an iguana and 3 orcs.

Vanquished Creatures
  2 adders
  A worm (D:3)
  3 dart slugs (D:1)
  An orc (D:3)
  2 bats (D:1)
  9 endoplasms
  A giant cockroach (D:3)
  2 goblins (D:1)
  5 hobgoblins
  3 jackals (D:2)
  A quokka (D:2)
  4 ball pythons
  3 frilled lizards
  3 kobolds
  4 rats
44 creatures vanquished.

Notes
Turn   | Place    | Note
-------+----------+-------------------------------------------
     0 | D:1      | pkoi the Octopode Transmuter began the quest for the Orb.
     0 | D:1      | Reached XP level 1. HP: 13/13 MP: 3/3
     2 | D:1      | Noticed an octopode
     2 | D:1      | Noticed a demigod
     4 | D:1      | Noticed a vampire
     4 | D:1      | Noticed a demonspawn
     6 | D:1      | Noticed a spriggan
     8 | D:1      | Noticed a human
     8 | D:1      | Noticed a dwarf
    10 | D:1      | Noticed a minotaur
    12 | D:1      | Noticed an elf
    12 | D:1      | Noticed a tengu
    14 | D:1      | Noticed an ogre
    16 | D:1      | Noticed a troll
    16 | D:1      | Noticed a ghoul
    18 | D:1      | Noticed a draconian
    18 | D:1      | Noticed a gargoyle
    20 | D:1      | Noticed a felid
    22 | D:1      | Noticed a naga
    22 | D:1      | Noticed a merfolk
    24 | D:1      | Noticed a formicid
    26 | D:1      | Noticed a vine stalker
   237 | D:1      | Found a faded altar of an unknown god.
   243 | D:1      | Reached XP level 2. HP: 17/18 MP: 3/5
   251 | D:1      | Learned a level 2 spell: Wereblood
   934 | D:1      | Reached XP level 3. HP: 20/23 MP: 6/6
  3084 | D:3      | Reached XP level 4. HP: 17/28 MP: 8/8
  3836 | D:3      | Learned a level 3 spell: Spider Form
  3866 | D:3      | You fall into a shaft and drop 3 floors!
  3878 | D:5      | Entered Level 5 of the Dungeon
  3884 | D:6      | HP: 1/28 [orc/+0 war axe (8)]
  3889 | D:5      | Noticed a necrophage
  3890 | D:5      | Slain by an orc

Illustrated notes

Levels and vault maps discovered:
D:1:      kb_arrival_jail, layout_basic, chequers_ecumenical_altar_simple_redux
D:2:      layout_basic
D:3:      minmay_chambers_of_twos, layout_basic, uniq_sigmund
D:5:      layout_cave_pools, amethyst_killhole, kennysheep_generic_room_4,
          uniq_crazy_yiuf_cottage
D:6:      layout_rooms, kennysheep_slug_shrine, chequers_ossuary_entry_cave,
          serial_shops, nicolae_shop_statue_plus

Skill      XL: |  1  2  3  4 |
---------------+-------------+-----
Transmutations | 3 |  3.6
Spellcasting   | 3 |  3.0
Fighting       | |  1.0
Dodging        | |  2.0
Unarmed Combat | |  3.0

Action                   |  1- 3 |  4- 6 || total
-------------------------+-------+-------++-------
Melee: Unarmed           |    93 |    14 ||   107
       Kick              |    24 |     5 ||    29
       Constrict         |    21 |     5 ||    26
       Tentacles         |    16 |       ||    16
       Punch             |     3 |       ||     3
 Cast: Beastly Appendage |    16 |     4 ||    20
  Use: Scroll            |       |     1 ||     1
 Stab: Sleeping          |     6 |       ||     6
Armor: Skin              |     4 |       ||     4
Dodge: Dodged            |    45 |    14 ||    59
